 Dungeon Crawl Stone Soup version 0.30-a0-137-gd8773701ce (webtiles) character file.

Game seed: 12008281035267117287

7 billz999 the Digger (level 2, -2/15 HPs)
             Began as a Gargoyle Earth Elementalist on Sept 22, 2022.
             Slain by a kobold
             ... wielding a +2 quarterstaff of speed
              (8 damage)
             ... on level 1 of the Dungeon.
             The game lasted 00:01:02 (301 turns).

billz999 the Digger (Gargoyle Earth Elementalist)    Turns: 301, Time: 00:01:03

Health: -2/15      AC:  4    Str: 11    XL:     2   Next: 0%
Magic:  1/5        EV: 11    Int: 15    God:
Gold:   12         SH:  0    Dex: 10    Spells: 4/5 levels left

rFire   . . .      SeeInvis .    g - +2 dagger (speed)
rCold   . . .      Faith    .    (no shield)
rNeg    + . .      Spirit   .    a - +0 robe
rPois   ∞          Reflect  .    (no helmet)
rElec   +          Harm     .    (no cloak)
rCorr   .          Rampage  .    (no gloves)
Will    .....                    (no boots)
Stlth   ++........               (no amulet)
HPRegen 0.05/turn                (no ring)
MPRegen 0.09/turn                (no ring)

@: very slightly contaminated
A: sickness immunity, AC +2, negative energy resistance 1, electricity
resistance, torment resistance 1, petrification resistance
a: no special abilities


You were on level 1 of the Dungeon.
You visited 1 branch of the dungeon, and saw 1 of its levels.

You collected 12 gold pieces.

Inventory:

Hand Weapons
 g - a +2 dagger of speed (weapon)
Armour
 a - a +0 robe (worn)
Scrolls
 e - a scroll of teleportation {unknown}
 f - a scroll of amnesia {unknown}
Potions
 b - a potion of magic
 c - a potion of heal wounds {unknown}
 d - a potion of haste {unknown}


   Skills:
 - Level 1.5 Dodging
 - Level 2.1 Stealth
 + Level 2.1 Spellcasting
 - Level 0.7 Transmutations
 * Level 4.0 Earth Magic


You had 4 spell levels left.
You knew the following spells:

 Your Spells              Type           Power      Damage    Failure   Level
a - Sandblast             Erth           26%        2d8       4%          1

Your spell library contained the following spells:

 Spells                   Type           Power      Damage    Failure   Level
 Passwall                 Tmut/Erth      6%         N/A       12%         2
 Stone Arrow              Conj/Erth      14%        3d7       28%         3
 Petrify                  Tmut/Erth      8%         N/A       63%         4


Dungeon Overview and Level Annotations

Branches:
Dungeon (1/15)

Altars:


Innate Abilities, Weirdness & Mutations

You are immune to sickness and miasma.
Your stone body is resilient. (AC +2)
You are immune to poison.
You resist negative energy. (rN+)
You are resistant to electric shocks. (rElec)
You are resistant to unholy torment.
You are immune to petrification.


Message History

You have reached level 2!
A kobold comes into view.
It is wielding a +2 quarterstaff of speed.
What are your orders? t - Shout!
Orders for allies: a - Attack new target. r - Retreat! s - Stop attacking. g - Guard the area. f - Follow me.
Anything else - Cancel.
You shout for attention!
Casting: Sandblast (safe; 4% risk of failure)
Confirm with . or Enter, or press ? or * to list all spells.
Aiming: Sandblast (safe; 4% risk of failure)
Press: ? - help, Shift-Dir - straight line, f - kobold
Aim: a kobold, wielding a +2 quarterstaff of speed and wearing a +0 ring mail (80% to hit)
You miscast Sandblast.
You are very lightly contaminated with residual magic.
Nothing appears to happen.
Casting: Sandblast (safe; 4% risk of failure)
Confirm with . or Enter, or press ? or * to list all spells.
Aiming: Sandblast (safe; 4% risk of failure)
Press: ? - help, Shift-Dir - straight line, f/p - kobold
Aim: a kobold, wielding a +2 quarterstaff of speed and wearing a +0 ring mail (80% to hit)
The blast of sand hits the kobold but does no damage.
Casting: Sandblast (safe; 4% risk of failure)
Confirm with . or Enter, or press ? or * to list all spells.
Aiming: Sandblast (safe; 4% risk of failure)
Press: ? - help, Shift-Dir - straight line, f/p - kobold
Aim: a kobold, wielding a +2 quarterstaff of speed and wearing a +0 ring mail (80% to hit)
The blast of sand hits the kobold but does no damage.
The kobold hits you with a +2 quarterstaff of speed!
Ouch! That really hurt!
Casting: Sandblast (safe; 4% risk of failure)
Confirm with . or Enter, or press ? or * to list all spells.
Aiming: Sandblast (safe; 4% risk of failure)
Press: ? - help, Shift-Dir - straight line, f/p - kobold
Aim: a kobold, wielding a +2 quarterstaff of speed and wearing a +0 ring mail (80% to hit)
The blast of sand hits the kobold but does no damage.
The kobold hits you with a +2 quarterstaff of speed!
Ouch! That really hurt!
You die...

...# .### ...# ....
...# #..####...#
.##........
......?..#
#....).######
#$.##K###...# ...
#@# #...# . #.#
#.<.# #.# #...#
#.###...#
####..###'## .##.
#.....###.###....#
#.###.........⌠...
#.................
###.....#####.######


You could see a kobold.

Vanquished Creatures
  An endoplasm (D:1)
  2 goblins (D:1)
  A bat (D:1)
  A frilled lizard (D:1)
  2 rats (D:1)
7 creatures vanquished.

Notes
Turn   | Place    | Note
-------+----------+-------------------------------------------
     0 | D:1      | billz999 the Gargoyle Earth Elementalist began the quest
                  | for the Orb.
     0 | D:1      | Reached XP level 1. HP: 10/10 MP: 3/3
   178 | D:1      | Reached skill level 4 in Earth Magic
   271 | D:1      | Reached XP level 2. HP: 13/15 MP: 3/5
   301 | D:1      | Slain by a kobold

Illustrated notes

Levels and vault maps discovered:
D:1:      dpeg_arrival_rooms_a, layout_loops_cross, basic_ecumenical_altar

Skill      XL: |  1 |
---------------+----+-----
Earth Magic    | 4 |  4.0
Dodging        | |  1.5
Stealth        | |  2.1
Spellcasting   | |  2.1
Transmutations | |  0.7

Action                   || total
-------------------------++-------
Melee: Unarmed           ||     8
       Dagger            ||     3
 Cast: Sandblast         ||    11
Armor: Robe              ||     4
Dodge: Dodged            ||     3

Table legend: (Time is in decaauts)
 A = Elapsed time spent in this place.
 B = Non-inter-level travel time spent in this place.
 C = Inter-level travel time spent in this place.
 D = Time resting spent in this place.
 E = Time spent auto-exploring this place.
 F = Levels seen in this place.
 G = Mean time per level.
                   A        B        C        D        E       F      G
               +--------+--------+--------+--------+--------+-----+--------+
         Total |    304 |    304 |      0 |     22 |    220 |   1 |  304.0 |
       Dungeon |    304 |    304 |      0 |     22 |    220 |   1 |  304.0 |
               +--------+--------+--------+--------+--------+-----+--------+

Top non-repeatable levels by time:
     D:1: 304 daAuts
